Cogmind - Beta 17 @@@ ROGUE MODE // 2026.07.15 @ 13:20:35 Player: JoshuaCF Result: Destroyed by HZ-1Z4(R) with Subdweller Laser Performance ------------- Evolutions (0) 0 Regions Visited (2) 400 Robots Destroyed (32) 160 Value Destroyed (600) 600 Prototype IDs (4) 80 Alien Tech Used (0) 0 Bonus (0) 0 TOTAL SCORE: 1240 Bonus ------- None Cogmind --------- Core Integrity 0/250 Matter 291/300 Energy 100/125 System Corruption 1% Temperature Cool (6) Movement Walking (190) Ox1 Location -10/Subcaves Parts ------- > --- POWER (1) -------- Light Ion Engine > --- PROPULSION (2) --- Aluminum Leg Aluminum Leg > --- UTILITY (2) ------ Heat Sink Large Storage Unit > --- WEAPON (2) ------- Beam Rifle Subdweller Laser > --- INVENTORY (15) --- Light Ion Engine Light Ion Engine Aluminum Leg Aluminum Leg Large Storage Unit ECM Suite Power Shielding Propulsion Shielding Light Armor Plating Scrap Shield Light Assault Rifle Heavy Hammer Peak State ------------ > --- POWER ------------ Light Ion Engine > --- PROPULSION ------- Aluminum Leg Aluminum Leg > --- UTILITY ---------- Heat Sink Large Storage Unit > --- WEAPON ----------- Beam Rifle Subdweller Laser > --- INVENTORY -------- Light Ion Engine Light Ion Engine Aluminum Leg Aluminum Leg Large Storage Unit ECM Suite Power Shielding Propulsion Shielding Light Armor Plating Scrap Shield Light Assault Rifle Heavy Hammer [Rating: 10] Favorites ----------- Power Light Ion Engine Engine Light Ion Engine Propulsion Aluminum Leg Leg Aluminum Leg Utility Large Storage Unit Device Heat Sink Storage Large Storage Unit Weapon Medium Laser Energy Gun Medium Laser Energy Cannon Beam Cannon Ballistic Gun Light Assault Rifle Build | -11 -10 -10 ------- Run | Yrd Mat Sub Slots Evolved . | . . . Power . | . . . Propulsion . | . . . Utility . | . . . Weapon . | . . . Parts Attached 33 | 6 24 3 Power 4 | 1 3 . Engine 4 | 1 3 . Core . | . . . Reactor . | . . . Propulsion 14 | 2 11 1 Treads . | . . . Leg 14 | 2 11 1 Wheel . | . . . Hover . | . . . Flight . | . . . Utility 4 | 1 3 . Device 2 | . 2 . Storage 2 | 1 1 . Processor . | . . . Hackware . | . . . Protection . | . . . Artifact . | . . . Weapon 11 | 2 7 2 Energy Gun 7 | 2 3 2 Energy Cannon 1 | . 1 . Ballistic Gun 3 | . 3 . Ballistic Cannon . | . . . Launcher . | . . . Special Weapon . | . . . Impact Weapon . | . . . Slashing Weapon . | . . . Piercing Weapon . | . . . Special Melee Weapon . | . . . Unidentified Prototypes . | . . . Parts Lost 4 | . 1 3 Power 1 | . 1 . Propulsion 1 | . . 1 Utility . | . . . Weapon 2 | . . 2 Highest Loss Streak 2 | . 1 2 To Critical Strikes . | . . . Average Backups 13 | 2 13 13 Power 1 | . 1 2 Propulsion 3 | 2 4 2 Utility 4 | . 4 5 Weapon 2 | . 2 2 Tool/Special . | . . . Unused Backups 17 | . 10 7 Power 3 | . 2 1 Propulsion 4 | . 4 . Utility 8 | . 3 5 Weapon 2 | . 1 1 Tool/Special . | . . . Average Slot Usage (%) 99 | . 99 100 Engine 13 | . 13 14 Leg 27 | . 27 28 Device 13 | . 13 14 Storage 14 | . 14 14 Energy Gun 17 | . 14 22 Energy Cannon 8 | . 10 5 Ballistic Gun 2 | . 3 . Peak Build Rating 10 | 6 8 10 Average Rating 8 | 4 7 9 On Entrance 4 | . 6 8 Avg Prop Armor Cover (%) . | . . . Naked Turns . | . . . Heaviest Build 31 | 12 29 31 Greatest Support 20 | 20 20 20 Greatest Overweight (x) 3 | 3 2 1 Average Overweight (x) . | . . 1 Largest Inventory Capacity 15 | 8 15 15 Average Capacity 14 | 7 13 15 Most Carried 15 | 6 15 15 Average Carried 13 | 3 13 13 Final Capacity 15 | 8 15 15 Final Carried 15 | 6 15 13 Class Distribution -------------------- 84% | Scavenger-Mutant 15% | Mutant Dominant Class ---------------- Scavenger-Mutant | -10/Materials Scavenger-Mutant | -10/Subcaves Resources | -11 -10 -10 ----------- Run | Yrd Mat Sub Matter Collected 647 | 226 387 34 Remotely . | . . . Salvage Created 1008 | . 855 153 Parts 61 | . 56 5 Haulers Intercepted 1 | . 1 . Recyclers Shooed 5 | . 5 . Parts Field Recycled . | . . . Retrieved Matter . | . . . Parts Self-Destructed 1 | . . 1 Prevented . | . . . Parts Restored . | . . . Kills | -11 -10 -10 ------- Run | Yrd Mat Sub Combat Hostiles Destroyed 21 | . 17 4 Guns 19 | . 15 4 Cannons 2 | . 2 . Classes Destroyed 9 | . 7 2 Worker 2 | . 2 . Builder 2 | . 2 . Hauler 1 | . 1 . Recycler 3 | . 3 . Watcher 3 | . 3 . Swarmer 10 | . 9 1 Grunt 8 | . 8 . Sentry 1 | . . 1 Subdweller 2 | . . 2 Best Kill Streak 4 | . 4 2 Combat Bots Only 3 | . 3 2 Max Kills in Single Turn 2 | . 2 1 Gunslinging 1 | . 1 . Exploded . | . . . Melee . | . . . Uniques/NPCs Destroyed . | . . . Combat | -11 -10 -10 -------- Run | Yrd Mat Sub Hostile Shots Fired 129 | . 86 43 Missed 36 | . 23 13 Hits 93 | . 63 30 Projectile 93 | . 63 30 Critical Strikes 1 | . . 1 Damage Taken 1129 | . 585 544 Core 250 | . 88 162 Absorbed by Shields . | . . . Regen/Repaired (Parts) 33 | . 33 . Core Remaining (%) 100 | 100 . . Volleys Fired 100 | . 83 17 Largest 2 | . 2 2 Hottest 116 | . 110 116 Shots Fired 199 | . 165 34 Gun 162 | . 132 30 Cannon 37 | . 33 4 Launcher . | . . . Special . | . . . Kinetic 48 | . 48 . Thermal 151 | . 117 34 Explosive . | . . . Electromagnetic . | . . . Robot Hit Streak 21 | . 13 21 Robot Miss Streak 4 | . 4 1 Penetration Max . | . . . Secondary Targets 1 | . 1 . Max Gunslinging Chain 1 | . 1 . Shots Hit Robots 129 | . 98 31 Core Hits 52 | . 44 8 Critical Kills . | . . . Critical Parts Destroyed . | . . . Critical Strikes 5 | . 4 1 Burn 5 | . 4 1 Melee Attacks . | . . . Impact . | . . . Slashing . | . . . Piercing . | . . . Sneak Attacks . | . . . Combat Hostiles . | . . . Follow-up Attacks . | . . . Damage Inflicted 1683 | . 1205 478 Guns 1294 | . 868 426 Cannons 389 | . 337 52 Explosions . | . . . Melee . | . . . Ramming . | . . . Kinetic 260 | . 260 . Thermal 1423 | . 945 478 Explosive . | . . . Electromagnetic . | . . . Impact . | . . . Slashing . | . . . Piercing . | . . . Highest Corruption 1 | . 1 1 Average Corruption 1 | . 1 1 Corruption Purged . | . . . Corruption Blocked . | . . . Effects 13 | . . 13 Message Errors 3 | . . 3 Matter Fused 2 | . . 2 Heat Flow Errors 3 | . . 3 Energy Discharges 2 | . . 2 Data Loss (minor) 1 | . . 1 Data Loss (major) 1 | . . 1 Alerts 1 | . . 1 Overload Shots . | . . . Overflow Damage . | . . . Projectiles . | . . . Explosions . | . . . Melee . | . . . Knockbacks . | . . . Impact . | . . . Kinetic . | . . . Secondary . | . . . Self-Inflicted Damage . | . . . Shots . | . . . Rammed . | . . . Targets Rammed . | . . . Kicked . | . . . Crushed . | . . . Highest Temperature 242 | . 156 242 Average Temperature 39 | . 36 106 Received Heat Transfer 333 | . 159 174 Siege Activations . | . . . Martial Activations . | . . . Shielding Activations . | . . . Robots Disrupted . | . . . Combat Hostiles . | . . . Robots Corrupted . | . . . Combat Hostiles . | . . . Parts Fried . | . . . Impact Corruptions . | . . . Robots Melted . | . . . Combat Hostiles . | . . . Parts Melted 5 | . 3 2 Heat Transferred 3661 | . 2646 1015 Parts Sabotaged . | . . . Parts Stolen . | . . . Parts Stripped . | . . . Power Chain Reactions . | . . . Alert | -11 -10 -10 ------- Run | Yrd Mat Sub Maximum Alert Level . | . . . Low Security (%) 100 | 100 100 . Level 1 . | . . . Level 2 . | . . . Level 3 . | . . . Level 4 . | . . . Level 5 . | . . . High Security . | . . . Max Security . | . . . Peak Influence 71 | . 71 . Initial . | . . . Average 17 | . 18 . Influence Increases 573 | . 533 40 Destroy 0b10 Robot/C 380 | . 340 40 Destroy 0b10 Robot/NC 55 | . 55 . Destroy Leader 78 | . 78 . Successful Hack 44 | . 44 . Disable Machine 15 | . 15 . Destroy Structure 1 | . 1 . Influence Decreases 573 | . 474 99 Entered New Map 29 | . . 29 Time Decay 524 | . 464 60 Lost Part 20 | . 10 10 Squads Dispatched 3 | . 3 . Investigation 1 | . 1 . Extermination . | . . . Reinforcement 2 | . 2 . Assault . | . . . Garrison . | . . . Intercept . | . . . Searches Triggered . | . . . Construction Impeded . | . . . Haulers Reinforced . | . . . Active Scanning Responses . | . . . Cargo Convoy Interrupts . | . . . Stealth | -11 -10 -10 --------- Run | Yrd Mat Sub Distress Signals 3 | . 3 . Communications Jammed . | . . . Distress Signals . | . . . Times Spotted 43 | . 38 5 Peak Tracking Total 3 | . 3 2 Tactical Retreats 6 | . 6 . ECM-based Alert Blocks 9 | . 9 . Traps | -11 -10 -10 ------- Run | Yrd Mat Sub Traps Triggered 2 | . 2 . Indirectly . | . . . Trap Hack Attempts . | . . . Triggered . | . . . Disarmed . | . . . Reprogrammed . | . . . Reused . | . . . Traps Extracted . | . . . Installed . | . . . Triggered . | . . . Machines | -11 -10 -10 ---------- Run | Yrd Mat Sub Machines Disabled 1 | . 1 . Max in Single Turn 1 | . 1 . Machines Repaired . | . . . Machines Dismantled . | . . . Machines Sabotaged . | . . . Overloaded Fab Kills . | . . . Hacking | -11 -10 -10 --------- Run | Yrd Mat Sub Machines Accessed 8 | . 8 . Terminals 6 | . 6 . Fabricators . | . . . Repair Stations 1 | . 1 . Recycling Units 1 | . 1 . Scanalyzers . | . . . Garrison Access . | . . . Total Hacks 30 | . 30 . Successful 13 | . 13 . Failed 16 | . 16 . Catastrophic 1 | . 1 . Database Lockouts 1 | . 1 . Manual 19 | . 19 . Terminals 24 | . 24 . Fabricators . | . . . Repair Stations 2 | . 2 . Recycling Units 4 | . 4 . Scanalyzers . | . . . Garrison Access . | . . . Terminal Hacks 7 | . 7 . Robot Analysis 1 | . 1 . Prototype ID Bank 2 | . 2 . Terminal Index 1 | . 1 . Locate Traps 1 | . 1 . Security Status 1 | . 1 . Zone Layout 1 | . 1 . Fabricator Hacks . | . . . Repair Station Hacks 2 | . 2 . Scan Component 1 | . 1 . Repair 1 | . 1 . Recycling Unit Hacks 2 | . 2 . Report Inventory 1 | . 1 . Retrieve Components 1 | . 1 . Scanalyzer . | . . . Garrison Access Hacks . | . . . Unauthorized Hacks 2 | . 2 . Terminals 2 | . 2 . Botnet 2 | . 2 . Fabricators . | . . . Repair Stations . | . . . Recycling Units . | . . . Scanalyzers . | . . . Garrison Access . | . . . Data Cores Recovered . | . . . Used . | . . . Hacking Detections 6 | . 6 . Full Trace Events 4 | . 4 . Feedback Events 1 | . 1 . Corruption 1 | . 1 . Feedback Blocked . | . . . Robot Schematics Acquired . | . . . Robots Built . | . . . Authchips . | . . . Time . | . . . Total Robot Build Rating . | . . . Part Schematics Acquired . | . . . Parts Built . | . . . Authchips . | . . . Time . | . . . Total Part Build Rating . | . . . Part Studies Acquired . | . . . Parts Repaired 1 | . 1 . Time 26 | . 26 . Parts Recycled . | . . . Recycled Matter . | . . . Retrieved Matter . | . . . Retrieved Components 8 | . 8 . Parts Scanalyzed . | . . . Part Schematics Acquired . | . . . Parts Damaged . | . . . Bothacking | -11 -10 -10 ------------ Run | Yrd Mat Sub Used RIF Installer . | . . . Robots Hacked . | . . . Non-combat . | . . . Combat . | . . . Robot Hacks Applied . | . . . Relay Couplers Released . | . . . Fabnet Peak Effective % . | . . . Robots Rewired . | . . . Allies Hacked . | . . . Hacks Repelled . | . . . Allies | -11 -10 -10 -------- Run | Yrd Mat Sub Total Allies . | . . . Largest Group . | . . . Highest-Rated Group . | . . . Highest-Rated Ally . | . . . Total Orders . | . . . Ally Attacks . | . . . Total Damage . | . . . Kills . | . . . Allies Corrupted . | . . . Allies Melted . | . . . Intel | -11 -10 -10 ------- Run | Yrd Mat Sub Active Infowar (turns) 1007 | . 1007 . ECM 1007 | . 1007 . Robot Analysis Total 1 | . 1 . Derelict Logs Recovered . | . . . Drone Launches . | . . . Drone Recoveries . | . . . Exploration | -11 -10 -10 ------------- Run | Yrd Mat Sub Turns Passed 4833 | 80 3071 1682 Spaces Moved 2364 | 54 1505 805 Core 15 | 15 . . Treads . | . . . Legs 2349 | 39 1505 805 Wheels . | . . . Hover . | . . . Flight . | . . . Fastest Speed 50 | 50 120 190 Average Speed 180 | 121 176 190 Slowest Speed 260 | 200 260 190 Overloaded Moves . | . . . Propulsion Burnouts . | . . . Robots Hopped . | . . . Potential Cave-ins . | . . . Cave-ins Triggered . | . . . Exploration Rate (%) 49 | 3 99 45 Regions Visited 2 Branch Regions 1 Pre-discovered Areas . | . . . Known Exits Taken . | . . . Unknown Exits Taken 2 | 1 1 . Scrap Searched 2 | . . 2 Spaces Dug . | . . . Terrain Destroyed . | . . . Melee . | . . . Projectile . | . . . AOE . | . . . Terrain Rammed . | . . . Walls Destroyed . | . . . Machines Disabled . | . . . Actions | -11 -10 -10 --------- Run | Yrd Mat Sub Total 2763 | 65 1772 926 Wait 196 | . 101 95 Move 2362 | 53 1504 805 Hop . | . . . Pick Up 32 | 6 23 3 Fast Attach 9 | 6 3 . Attach 5 | . 2 3 Detach . | . . . Swap 26 | . 26 . Drop 33 | . 30 3 Fire 100 | . 83 17 Melee . | . . . Ram . | . . . Kick . | . . . Crush . | . . . Escape Stasis . | . . . Rewire . | . . . Trap . | . . . Miscellaneous . | . . . Route ------- -11/Scrapyard -10/Materials (discovered 5 exits: [*Mat x3] / [*Min] / [*Sub]) -10/Subcaves (discovered 1 exit: [*Mat]) History --------- Turn | Location | Event 27 | -11/Scrapyard | Discovered new exit (range 15) 81 | -11/Scrapyard | Entered Materials 334 | -10/Materials | Build established: Mutant 355 | -10/Materials | Repaired Lgt. Ion Engine 505 | -10/Materials | Discovered new exit (range 9) 928 | -10/Materials | Build established: Scavenger-Mutant 1027 | -10/Materials | Central database locked down 1044 | -10/Materials | Discovered new exit (range 16) 1211 | -10/Materials | Discovered new exit (range 13) 1695 | -10/Materials | Discovered new exit (range 10) 3123 | -10/Materials | Discovered new exit (range 14) 3152 | -10/Materials | Entered Subcaves 3159 | -10/Subcaves | Shifting Twisted Machinery released Spk. Treads 3167 | -10/Subcaves | Shifting Twisted Machinery released Sub. Monowheel 3252 | -10/Subcaves | Shifting Twisted Machinery released Sub. Laser 3274 | -10/Subcaves | Shifting Twisted Machinery released Scrap Shield 3316 | -10/Subcaves | Discovered new exit (range 6) 3728 | -10/Subcaves | A swath of the cavern ceiling suddenly collapsed 3926 | -10/Subcaves | Core integrity fell below 50% 4825 | -10/Subcaves | Core integrity fell below 20% 4834 | -10/Subcaves | Destroyed by HZ-1Z4(R) with Subdweller Laser Last Messages --------------- Acquired 15 matter. Subatomizers dissect the Disposable Heat Sink. System corrupted: Substantial component data lost. VF0%RXTZPHHVZ N System corrupted: Energy discharge (-48). GVNM&VUVK T9AZGZ23=Y21C/GNDXC System corrupted: Matter fused (-9). System corrupted: Heat flow error (+129). |TKFD3GHIETUW,F%PV/A 0C1Z6/SBW3Q8DC System corrupted: Heat flow error (+290). Searching scrap... Found Sub. Monowheel. Found 42 Matter. Acquired 9 matter. Subatomizers dissect the Sub. Monowheel. Searching scrap... Found Flamer. Found 34 Matter. Subatomizers dissect the Sub. Monowheel. System corrupted: Matter fused (-9). Map ----- +----------------------------------------------------+ | ?????????????????????????????????????????????????? | | ?????????????????????????????????????????????????? | | ?????????????????????????????????????????????????? | | ?????????????????????????????????????????????????? | | ?????????????????????????????????????????????????? | | ?????????????????????????????????????????????????? | | ?????????????????????????????????????????????????? | | ?????????????????????????????????????????????????? | | ?????????????????????????????????????????????????? | | ?????????????????????????????????????????????????? | | ?????????????????????????????????????????????????? | | ?????????????????????????????????????????????????? | | ?????????????????????????????????????????????????? | | ?????????????????????????????????????????????????? | | ?????????????????????????????????????????????????? | | ?????????????????????????????????????????????????? | | ?????????????????????????????????????????????????? | | ????????????????????"????????????????????????????? | | ??????????????????""" #????????????? ????????????? | | ????????????????? ""#??????????# ???????????? | | ????????????????? "" ###????? ??????????? | | ?????????????????"""" "" ##???? ??????????? | | ????????????????##"" " #????# ??????????? | | ???????????????##"" "" #????# ??????????? | | ???????????????#""" "" ##???# ??????????? | | ??????????????#"""" """ @ #???# ??????????? | | ??????????????#""" """ R #???# #??????????? | | ???????###????????# " """ #??## #??????????? | | ???????# #####???##" ##?## #??????????? | | ???????# ##???# ####"#??# ####???????? | | ???????## ##?## #??###??# ##??????? | | ????????## ### ##???????# ##?????? | | ?????????## #???#####??# ###???? | | ??????????# ## ##?## #?## #???# | | ??????????####### ##?? #?# ##???# | | ??????????##????## #?## ??## ##???# | | ??????????# ###### ### #???# ##?## | | ?????????## ## ## #?##### ### | | ????????## #?## % % | | ???????## ### | | ???????# ## ### | | ???????##### % #?# ## | | ?????#####?### ##=|% #?##### | | ?????# ###?### ### & ## ## #?????## ## | | ?????# ##### #?### #######??????#####? | | ????## ## #???# #????????????????? | | ##### #??# ## #????????????????? | | #" ##" ###??# ## #????????????????? | | #=# # ## ###????###### ##????????????????? | | #=##"#" ##### ##??????????###?????????????????? | +----------------------------------------------------+ Best States ------------- Heat Dissipation 35 Energy Generation 10 Energy Capacity 250 Matter Stores 300 Matter Capacity 300 Sight Range 16 Terrain Scan Density 10 ECM Strength 1 Evasion (%) 55 Item Schematics ----------------- None Robot Schematics ------------------ None Fabricated ------------ Nothing Repaired ---------- Lgt. Ion Engine | 17% | -10/Materials Studied --------- None Alien Tech Used ----------------- None Achievements -------------- None Challenges ------------ None Game ------ Seed RainbowGravityHammer Manual? 0 Play Time 00:27:00 Cumulative 17.1 hours Start 2026.07.15 @ 12:58:34 End 2026.07.15 @ 13:20:35 Sessions 1 Manual Loads 0 Difficulty Rogue Special Mode None Game No. 14 Rogue 14 Adventurer 0 Explorer 0 Win Type - Total 0 Types 0/0/0/0/0/0/0/0/0/0 Lore% 21 Gallery% 17 Achievement% 19 Wizard Run 0 Options --------- Layout 0 ASCII 0 Keyboard 1 Movement Vi Keybinds 0 Fullscreen 1 Font 18/SmallcapsGlow Map View 76x50 Zoom Use 0% Tactical HUD 0 Map Filters NONE Filters NONE Steam 1 RUN: 75a0a258-ecfd-4837-972c-e219306445ad